AoeStats
← Tylemaker

Golden Pit

509007155Analyzed
1v1 RM · 6d ago on Sep 25, 2026· 57m 26s· 2 players
Game mode
Random Map
Map size
Tiny (2 player)
Population
200
Speed
Normal
Resources
Standard
Victory
Conquest
Starting age
Dark Age
Ending age
Imperial Age
RankedLock teamsTeams togetherTeam positionsShared explorationLock speedFull tech treeHidden civsTurbo modeCheats
Victory
Defeat
🇨🇦 Varangians · Canada
1208
+15
🇦🇷 Hindustanis · Argentina
1178
-15
DS_Mc. Patto
5:54 Loom
6:19 Loom
9:03 Feudal Age
10:02 Double-Bit Axe
20:15 Castle Age
18:44 Gold Mining
19:48 Scale Barding Armor
20:01 Bloodlines
19:35 Horse Collar
20:29 Light Cavalry
21:15 Fletching
22:44 Bodkin Arrow
25:44 Husbandry
26:58 Padded Archer Armor
27:56 Thumb Ring
29:20 Ballistics
29:43 Leather Archer Armor
33:05 Gold Shaft Mining
38:13 Wheelbarrow
41:30 Imperial Age
43:45 Town Watch
45:50 Chemistry
46:18 Chain Barding Armor
47:05 Heavy Camel Rider
50:06 Forging
50:03 Heavy Plow
51:32 Plate Barding Armor
53:38 Iron Casting
57:14 Masonry
Tylemaker
6:43 Loom
6:49 Loom
9:03 Feudal Age
9:45 Double-Bit Axe
10:00 Horse Collar
10:25 Town Watch
18:11 Bloodlines
23:51 Castle Age
22:29 Gold Mining
22:46 Scale Barding Armor
24:12 Forging
25:22 Bow Saw
25:22 Husbandry
29:09 Chain Barding Armor
37:57 Fletching
38:40 Bodkin Arrow
41:24 Wheelbarrow
40:49 Town Patrol
44:41 Imperial Age
44:47 Cavalier
46:04 Plate Barding Armor
49:04 Conscription
49:40 Iron Casting
49:17 Squires
49:03 Gambesons
49:03 Arson
49:06 Vendel Legacy
50:34 Ballistics
50:28 Masonry
52:16 Elite Varangian Guard
53:44 Heavy Plow
55:47 Scale Mail Armor
56:47 Blast Furnace
56:51 Chain Mail Armor
Connection lost

Rejoining the realm…

Still unreachable

The connection could not be restored.

Session expired

The server has moved on; the page needs a fresh start.